 Dungeon Crawl Stone Soup version 0.24-a0-140-gcaa6c10 (webtiles) character file.

Game seed: 5248900825340299414

3152 lemonriz the Spear-Bearer (level 9, 0/75 HPs)
             Began as a Demonspawn Gladiator on Mar 4, 2019.
             Slain by a centaur (8 damage)
             ... on level 6 of the Dungeon.
             The game lasted 00:14:52 (6417 turns).

lemonriz the Spear-Bearer (Demonspawn Gladiator)    Turns: 6417, Time: 00:14:53

Health: 0/75       AC:  4    Str: 21    XL:     9   Next: 62%
Magic:  18/18      EV: 13    Int:  9    God:
Gold:   191        SH:  4    Dex: 17    Spells: 8/8 levels left

rFire    + . .     SeeInvis .   u - +4 halberd
rCold    + . .     Gourm    .   (shield currently unavailable)
rNeg     . . .     Faith    .   b - +0 leather armour
rPois    .         Spirit   .   c - +0 helmet
rElec    .         Reflect  .   n - scarf {rC+ rF+}
rCorr    .         Harm     .   r - +1 pair of gloves
MR       .....     Clarity  +   (no boots)
Stlth    ++........             (no amulet)
HPRegen  0.22/turn              m - ring of magical power
MPRegen  0.16/turn              i - +3 ring of strength

@: no status effects
A: talons 2, large bone plates 1, clarity, deformed body, nightstalker 1,
powered by death 1, strong 1
a: no special abilities


You were on level 6 of the Dungeon.
You were not hungry.

You visited 1 branch of the dungeon, and saw 8 of its levels.
You also visited: Ossuary.

You collected 412 gold pieces.
You spent 221 gold pieces at shops.

Inventory:

Hand Weapons
 a - a +1 trident
 o - the +0 trident of Disembowelment {freeze, rElec Stlth+}
   (You found it on level 4 of the Dungeon)

   It has been specially enchanted to freeze those struck by it, causing extra
   injury to most foes and up to half again as much damage against particularly
   susceptible opponents.
   It can also slow down cold-blooded creatures.
   It insulates you from electricity.
   It makes you more stealthy.
 u - a +4 halberd (weapon)
Missiles
 d - 2 throwing nets (quivered)
Armour
 b - a +0 leather armour (worn)
 c - a +0 helmet (worn)
 n - a scarf of resistance (worn)
 r - a +1 pair of gloves (worn)
Jewellery
 i - a +3 ring of strength (right hand)
 m - a ring of magical power (left hand)
 y - a +3 ring of dexterity
Wands
 k - a wand of random effects (12)
Scrolls
 e - 4 scrolls of remove curse
 j - 4 scrolls of enchant armour
 l - a scroll of amnesia
 q - 3 scrolls of enchant weapon
 s - a scroll of immolation
 t - 4 scrolls of identify
Potions
 g - 2 potions of experience {unknown}
 h - 3 potions of resistance
 p - a potion of lignification
 v - a potion of curing
 w - a potion of flight {unknown}
Comestibles
 f - 8 rations


   Skills:
 + Level 8.4 Fighting
 + Level 10.3 Polearms
 - Level 1.7 Throwing
 - Level 2.6 Dodging


You had 8 spell levels left.
You didn't know any spells.
Your spell library contained the following spells:

 Spells                   Type           Power        Failure   Level  Hunger
 Magic Dart               Conj           #...         43%         1    ##.....
 Shock                    Conj/Air       #...         43%         1    ##.....
 Blink                    Tloc           N/A          56%         2    ###....
 Call Imp                 Summ           #.......     56%         2    ###....
 Slow                     Hex            #.......     56%         2    ###....
 Swiftness                Chrm/Air       #.......     56%         2    ###....
 Conjure Flame            Conj/Fire      #.......     80%         3    ####...
 Mephitic Cloud           Conj/Pois/Air  #.......     80%         3    ####...
 Static Discharge         Conj/Air       #.......     80%         3    ####...
 Airstrike                Air            #.........   99%         4    #####..
 Lightning Bolt           Conj/Air       #.........   100%        5    ######.


Dungeon Overview and Level Annotations

Branches:
Dungeon (8/15)             Temple (0/1) D:6
   Lair: D:8-11

Altars:
Dithmenos
Gozag
Makhleb
Sif Muna
Trog
Xom
Zin

Shops:
D:4 !:=!   D:5 %

Annotations:
D:6 Prince Ribbit


Innate Abilities, Weirdness & Mutations

You have razor-sharp toenails.
You are partially covered in large bone plates. (SH +4)
You are slightly more attuned to the shadows.
You regenerate a little health from kills.
You possess an exceptional clarity of mind.
Armour fits poorly on your strangely shaped body.
Your muscles are strong. (Str +2)


Message History

The adder barely misses you.
You miss the adder. You claw the adder.
The adder is almost dead.
The adder bites you but does no damage.
You puncture the adder!
You kill the adder!
The centaur shoots an arrow.
The arrow hits you!
* * * LOW HITPOINT WARNING * * *
The centaur unwields a +0 shortbow.
The centaur hits you.
* * * LOW HITPOINT WARNING * * *
The centaur completely misses you.
You see here an adder corpse.
You slash the centaur! You claw the centaur.
The centaur is heavily wounded.
The centaur closely misses you.
You barely miss the centaur. Your kick misses the centaur.
The centaur is heavily wounded.
The centaur hits you but does no damage.
The centaur hits you!
You die...

.......#. ###....#
##.....#.......
#.............#
#.............# .....
##............## .....
.........#..#..#####$.....
(...............#........$.
...............(@c.$.......%
.............#(##............#
.#....####''####..............
##....#_.....)_#..............
###.##.....)..##.............
#.#...#..#...#.<...........
###..........##..........#
...#....#.).#.....†....#.
............##...........


You could see a centaur.

Vanquished Creatures
  A deep elf mage (D:7)
  2 ice beasts (D:6)
  An orc warrior (D:7)
  An eye of draining (D:7)
  A phantom (D:7)
  The ghost of Duffy the Chopper, an amateur NaGl (D:4)
  A necrophage (D:5)
  2 ogres
  A centaur (D:7)
  5 elf zombies (Ossuary)
  4 scorpions
  A killer bee (D:7)
  A howler monkey (D:6)
  6 crimson imps
  2 centaur zombies
  A centaur skeleton (D:4)
  A hound (D:8)
  3 orc priests
  2 jellies
  3 orc wizards
  Jessica (D:2)
  An iguana (D:4)
  10 worker ants
  4 big kobold zombies (Ossuary)
  A hound skeleton (D:7)
  2 mummies (Ossuary)
  A worker ant zombie (D:6)
  4 gnolls (D:5)
  14 adders
  2 adder skeletons
  3 worms
  A dart slug (D:1)
  6 leopard geckos
  10 orcs
  5 bats
  4 giant cockroaches
  12 goblins
  5 hobgoblins
  6 jackals
  12 kobolds
  3 quokkas
  12 frilled lizards
  5 hobgoblin zombies (Ossuary)
  8 kobold zombies (Ossuary)
  11 orc zombies (Ossuary)
  5 rats
  2 rat zombies (Ossuary)
190 creatures vanquished.

Notes
Turn   | Place    | Note
-------+----------+-------------------------------------------
     0 | D:1      | lemonriz the Demonspawn Gladiator began the quest for the
                  | Orb.
     0 | D:1      | Reached XP level 1. HP: 16/16 MP: 1/1
   132 | D:1      | Reached skill level 3 in Polearms
   253 | D:1      | Gained mutation: You have sharp toenails. [demonic
                  | ancestry]
   253 | D:1      | Reached XP level 2. HP: 22/22 MP: 2/2
   858 | D:2      | Reached XP level 3. HP: 27/27 MP: 3/3
   870 | D:2      | Reached skill level 4 in Polearms
  1383 | D:2      | Gained mutation: You are slightly more attuned to the
                  | shadows. [demonic ancestry]
  1383 | D:2      | Reached XP level 4. HP: 25/33 MP: 4/4
  1606 | D:2      | Noticed Jessica
  1614 | D:2      | Killed Jessica
  1789 | D:3      | Found a shimmering altar of Xom.
  2054 | D:2      | Gained mutation: Armour fits poorly on your strangely
                  | shaped body. [potion of mutation]
  2054 | D:2      | Gained mutation: You are clumsy. (Dex -2) [potion of
                  | mutation]
  2054 | D:2      | Gained mutation: You tend to lose your temper in combat.
                  | [potion of mutation]
  2054 | D:2      | Gained mutation: You have supernaturally acute eyesight.
                  | (SInv) [potion of mutation]
  2060 | D:2      | Reached skill level 5 in Polearms
  2060 | D:2      | Reached XP level 5. HP: 38/38 MP: 5/5
  2095 | D:3      | Reached skill level 6 in Polearms
  2338 | D:3      | Lost mutation: You are clumsy. (Dex -2) [potion of
                  | mutation]
  2338 | D:3      | Lost mutation: You tend to lose your temper in combat.
                  | [potion of mutation]
  2338 | D:3      | Lost mutation: You have supernaturally acute eyesight.
                  | (SInv) [potion of mutation]
  2338 | D:3      | Gained mutation: Your muscles are strong. (Str +2) [potion
                  | of mutation]
  2338 | D:3      | Gained mutation: You have razor-sharp toenails. [potion of
                  | mutation]
  2338 | D:3      | Gained mutation: You possess an exceptional clarity of
                  | mind. [potion of mutation]
  2410 | D:3      | Found a glowing silver altar of Zin.
  2417 | D:3      | Found a shadowy altar of Dithmenos.
  2420 | D:3      | Found a faded altar of an unknown god.
  2422 | D:3      | Found an opulent altar of Gozag.
  2424 | D:3      | Gained mutation: You are partially covered in large bone
                  | plates. (SH +4) [demonic ancestry]
  2424 | D:3      | Reached XP level 6. HP: 44/44 MP: 6/6
  2427 | D:3      | Found a faded altar of an unknown god.
  3579 | D:4      | Found Tiym's Distillery.
  3588 | D:4      | Bought a potion of curing for 33 gold pieces
  3678 | D:4      | Found a runed translucent gate.
  3678 | D:4      | Found a runed translucent gate.
  3679 | D:4      | Found a runed translucent gate.
  3679 | D:4      | Found an opulent altar of Gozag.
  3680 | D:4      | Noticed Duffy's ghost (amateur NaGl)
  3697 | D:4      | Killed Duffy's ghost
  3697 | D:4      | Reached skill level 7 in Polearms
  3748 | D:4      | Found Wousait's Jewellery Boutique.
  3761 | D:4      | Bought a +3 ring of strength for 188 gold pieces
  3767 | D:4      | Found Cytaod's Book Boutique.
  3789 | D:4      | Reached XP level 7. HP: 15/51 MP: 7/7
  3855 | D:4      | Got a dazzling trident
  3862 | D:4      | Identified the cursed +0 trident of Disembowelment {freeze,
                  | rElec Stlth+} (You found it on level 4 of the Dungeon)
  3883 | D:4      | Found Bantolel's Distillery.
  4187 | D:4      | Found a bloodstained altar of Trog.
  4430 | D:5      | Entered Level 5 of the Dungeon
  4509 | D:5      | Found Ilexesus's Food Shoppe.
  4745 | D:5      | Reached skill level 8 in Polearms
  5003 | D:6      | Reached XP level 8. HP: 57/60 MP: 8/8
  5019 | D:6      | Found a staircase to the Ecumenical Temple.
  5029 | D:6      | You fall through a shaft for 2 floors!
  5081 | D:8      | Found a sand-covered staircase.
  5086 | Ossuary  | Entered an ossuary
  5213 | Ossuary  | Reached skill level 5 in Fighting
  5404 | Ossuary  | Reached skill level 9 in Polearms
  5848 | D:7      | Gained mutation: You regenerate a little health from kills.
                  | [demonic ancestry]
  5848 | D:7      | Reached XP level 9. HP: 71/71 MP: 9/9
  5950 | D:7      | Noticed a deep elf mage
  5952 | D:7      | Noticed a manticore
  5967 | D:7      | Killed a deep elf mage
  5967 | D:7      | Reached skill level 10 in Polearms
  6367 | D:6      | Found a shimmering altar of Xom.
  6368 | D:6      | Noticed Prince Ribbit
  6370 | D:6      | Found a burning altar of Makhleb.
  6371 | D:6      | Found a deep blue altar of Sif Muna.
  6417 | D:6      | Slain by a centaur

Levels and vault maps discovered:
D:1:      eino_arrival_cavern_d, layout_loops_ring, minmay_pentomino_p2
D:2:      layout_loops_cross, due_unseen_surprise, uniq_jessica
D:3:      minmay_chambers_of_threes, layout_basic,
          chequers_temple_overflow_minitemple, led_xom_imps
D:4:      layout_basic, marbit_many_paths, ebering_ghost_gozag, serial_shops,
          shop, nicolae_shop_window_shopping, nicolae_shop_waterfront, shop
D:5:      layout_basic, serial_shops, nicolae_shop_behind_doors, first_ration
D:6:      layout_cave_pools, lemuel_coloured_pillars_altar, vehumet_statue,
          minmay_overflow_temple_hex, minmay_temple_entry_statues_pillars,
          uniq_prince_ribbit1
D:7:      minmay_the_grid_octo_tiled_octocenter [minmay_the_grid_octo_77,
          minmay_the_grid_octo_fan_narrow, minmay_the_grid_octo_clover_2,
          minmay_the_grid_octo_teeth,
          minmay_the_grid_octo_prize_ultimate_mussel_roller,
          minmay_the_grid_square_5x5_trominoes,
          minmay_the_grid_square_5x5_two_walls_b,
          minmay_the_grid_square_5x5_inner_i,
          minmay_the_grid_square_5x5_dogpile], layout_basic,
          uniq_crazy_yiuf_cottage, uniq_joseph
D:8:      layout_basic, enter_ossuary_2
Ossuary:  ossuary_tomb_1

Skill      XL: |  1  2  3  4  5  6  7  8  9 |
---------------+----------------------------+-----
Polearms       | 3 4 5 6 7 8 9 10 | 10.3
Fighting       | 4 6 8 |  8.4
Throwing       | |  1.7
Dodging        | |  2.6

Action                   |  1- 3 |  4- 6 |  7- 9 || total
-------------------------+-------+-------+-------++-------
Melee: Trident           |   103 |   193 |   105 ||   401
       Kick              |    14 |    56 |    99 ||   169
       Halberd           |       |       |   213 ||   213
Throw: Throwing net      |     1 |     5 |       ||     6
  Use: Potion            |       |     7 |     8 ||    15
       Scroll            |       |       |    16 ||    16
 Stab: Sleeping          |     3 |    11 |    12 ||    26
       Distracted        |       |     1 |     1 ||     2
       Held in net/web   |       |     1 |       ||     1
  Eat: Chunk             |     1 |     8 |     4 ||    13
       Ration            |       |       |     2 ||     2
Armor: Leather armour    |    22 |    30 |    51 ||   103
Dodge: Dodged            |    60 |    95 |   136 ||   291
Block: Other             |       |    23 |    28 ||    51

Table legend:
 A = Non-vault XP
 B = Vault XP
 C = Vault XP percentage of total XP
 D = Non-vault monster count
 E = Vault monster count
 F = Vault count percentage of total count
                 A         B        C        D         E       F
            +---------+---------+-------+---------+---------+-------
      Total |    2058 |    2446 |  54.3 |     117 |      73 |  38.4
            +---------+---------+-------+---------+---------+-------
        D:1 |      31 |       3 |   8.8 |      20 |       2 |   9.1
        D:2 |      83 |     181 |  68.6 |      17 |       4 |  19.0
        D:3 |      87 |      91 |  51.1 |      28 |      13 |  31.7
        D:4 |     320 |     174 |  35.2 |      11 |       3 |  21.4
        D:5 |     352 |       0 |   0.0 |      13 |       0 |   0.0
        D:6 |     569 |       0 |   0.0 |      12 |       0 |   0.0
        D:7 |     442 |    1305 |  74.7 |      10 |      13 |  56.5
        D:8 |     174 |       0 |   0.0 |       6 |       0 |   0.0
    Ossuary |       0 |     692 | 100.0 |       0 |      38 | 100.0
            +---------+---------+-------+---------+---------+-------
